Map: 과거의 사원

Players

테라진

  • Race: Terran Terran
  • Spawn Location: 0:00

광물

  • Race: Protoss Protoss
  • Spawn Location: 0:00

VOD

Have the link to the VOD?

Description

Time

  • Played on: Aug. 26, 2017, 6:58 a.m.
  • Length: 26:29
Show
View Real Time Build Order
Export as new Build Order

테라진 Terran 

Build Orders:  

Get SALT Encoding   

  4  1:24  SCV  
Show
View Real Time Build Order
Export as new Build Order

광물 Protoss 

Build Orders:  

Get SALT Encoding   

  12  0:03  Probe (Chrono Boost)  
  12  0:08  Dark Pylon  
  13  0:16  Probe (Chrono Boost)  
  14  0:27  Probe (Chrono Boost)  
  14  0:29  Assimilator  
  15  0:37  Assimilator  
  15  0:42  Probe (Chrono Boost)  
  16  0:53  Probe (Chrono Boost)  
  17  1:03  Gateway  
  17  1:09  Probe (Chrono Boost)  
  18  1:21  Probe (Chrono Boost)  
  19  1:32  Probe (Chrono Boost)  
  19  1:35  Forge  
  20  1:44  Probe (Chrono Boost)  
  21  1:56  Probe (Chrono Boost)  
  21  1:57  Pylon  
  22  2:08  Probe (Chrono Boost)  
  22  2:09  Cybernetics Core  
  23  2:21  Protoss Ground Weapons Level 1  
  23  2:23  Probe (Chrono Boost)  
  24  2:35  Probe (Chrono Boost)  
  25  2:47  Probe (Chrono Boost)  
  26  2:58  Probe (Chrono Boost)  
  28  3:10  Probe (Chrono Boost)  
  28  3:15  Nexus  
  28  3:21  Assimilator  
  28  3:27  Assimilator  
  28  3:41  Probe (Chrono Boost)  
  28  3:43  Pylon  
  29  3:53  Probe (Chrono Boost)  
  29  3:56  Warp Gate  
  29  3:57  Death Council  
  30  4:05  Probe (Chrono Boost)  
  31  4:17  Probe (Chrono Boost)  
  31  4:18  Photon Cannon  
  32  4:28  Probe (Chrono Boost)  
  33  4:34  Photon Cannon  
  34  4:40  Probe (Chrono Boost)  
  34  4:48  Dark Shrine  
  34  4:52  Probe (Chrono Boost)  
  34  4:58  Photon Cannon  
  35  5:03  Photon Cannon  
  35  5:07  Probe (Chrono Boost)  
  36  5:11  Probe (Chrono Boost)  
  37  5:20  Photon Cannon  
  37  5:28  Photon Cannon  
  37  5:37  Shadow Fury (Chrono Boost)  
  37  5:46  Gateway  
  37  5:53  Gateway  
  37  6:01  Gateway  
  37  6:09  Stargate  
  37  6:15  Stargate  
  37  6:25  Dark Templar  
  37  6:29  Gateway  
  39  6:35  Gateway  
  39  6:52  Pylon  
  39  7:10  Dark Templar  
  39  7:13  Dark Templar  
  39  7:14  Dark Templar  
  45  7:20  Fleet Beacon  
  45  7:25  Corsair x2 (Chrono Boost)  
  49  7:37  Protoss Air Weapons Level 1  
  49  7:38  Protoss Ground Weapons Level 2  
  49  7:45  Pylon  
  49  7:51  Dark Templar  
  49  7:55  Dark Templar  
  53  8:05  Dark Templar  
  53  8:09  Dark Templar  
  57  8:16  Dark Templar  
  59  8:24  Dark Templar  
  61  8:30  Pylon  
  61  8:31  Dark Templar Blink  
  61  8:34  Stealth Drive  
  61  8:48  Corsair (Chrono Boost)  
  65  8:51  Corsair (Chrono Boost)  
  65  9:01  Probe x2  
  67  9:10  Pylon  
  67  9:23  Corsair x2 (Chrono Boost)  
  67  9:28  Dark Templar  
  73  9:31  Dark Templar  
  73  9:32  Pylon  
  75  9:42  Dark Templar  
  75  9:43  Dark Templar  
  77  10:00  Pylon  
  77  10:03  Dark Templar x2  
  81  10:14  Pylon  
  81  10:23  Corsair x2 (Chrono Boost)  
  81  10:29  Protoss Air Weapons Level 2  
  85  10:53  Photon Cannon  
  85  10:56  Photon Cannon  
  85  10:58  Corsair (Chrono Boost)  
  89  11:11  Corsair (Chrono Boost)  
  89  11:22  Corsair (Chrono Boost)  
  89  11:23  Photon Cannon  
  89  11:26  Photon Cannon  
  91  11:33  Protoss Ground Weapons Level 3  
  91  11:48  Photon Cannon  
  91  11:52  Photon Cannon  
  91  11:56  Dark Templar  
  91  11:57  Dark Templar  
  95  12:05  Dark Templar  
  97  12:26  Dark Templar x2  
  101  12:32  Pylon  
  101  12:36  Pylon  
  101  12:46  Pylon  
  101  12:49  Pylon  
  101  12:53  Pylon  
  101  13:06  Disruption Web  
  101  13:14  Dark Templar x3  
  101  13:15  Dark Templar  
  109  13:28  Corsair (Chrono Boost)  
  111  13:32  Pylon  
  111  13:36  Photon Cannon, Corsair (Chrono Boost)  
  113  13:53  Dark Templar x2  
  115  14:21  Dark Templar  
  115  14:22  Dark Templar x2  
  121  15:00  Dark Templar x3  
  121  15:08  Photon Cannon  
  127  15:11  Photon Cannon  
  127  15:13  Photon Cannon  
  127  15:21  Photon Cannon  
  127  15:26  Protoss Air Weapons Level 3  
  127  15:40  Photon Cannon  
  127  15:44  Photon Cannon  
  127  15:54  Dark Templar x2  
  127  15:55  Dark Templar  
  133  16:14  Corsair x2 (Chrono Boost)  
  137  16:48  Corsair x2 (Chrono Boost)  
  141  16:54  Pylon  
  141  17:00  Pylon  
  141  17:08  Pylon  
  141  17:13  Pylon  
  141  17:19  Dark Pylon  
  141  17:29  Corsair (Chrono Boost)  
  145  17:30  Corsair (Chrono Boost)  
  149  18:00  Corsair (Chrono Boost)  
  149  18:01  Corsair (Chrono Boost)  
  149  18:14  Dark Templar x2  
  149  18:15  Dark Templar x2  
  149  18:16  Dark Templar  
  159  18:21  Photon Cannon  
  159  18:22  Photon Cannon  
  159  18:26  Photon Cannon  
  159  18:39  Photon Cannon  
  159  18:43  Photon Cannon  
  159  18:45  Photon Cannon  
  159  18:46  Photon Cannon  
  159  18:47  Photon Cannon  
  163  18:51  Corsair x2 (Chrono Boost)  
  163  19:14  Dark Templar x3  
  163  19:45  Corsair x2 (Chrono Boost)  
  167  20:03  Photon Cannon  
  167  20:06  Photon Cannon  
  167  20:09  Photon Cannon  
  165  20:11  Photon Cannon  
  165  20:12  Photon Cannon  
  165  20:15  Photon Cannon  
  163  20:25  Corsair x2 (Chrono Boost)  
  126  20:50  Corsair x2 (Chrono Boost)  
  171  21:14  Corsair x2 (Chrono Boost)  
  175  21:31  Dark Templar  
  175  21:32  Dark Templar  
  175  21:35  Pylon  
  175  21:38  Corsair (Chrono Boost)  
  175  21:39  Pylon  
  181  21:42  Pylon  
  181  21:44  Pylon  
  181  21:46  Pylon  
  181  22:03  Corsair (Chrono Boost)  
  181  22:07  Dark Templar x4  
  191  22:22  Dark Templar  
  187  23:03  Dark Templar x4  
  195  23:47  Corsair (Chrono Boost)  
  195  23:48  Corsair (Chrono Boost)  
  197  25:14  Dark Templar x3  
Tags
 
Add a new tag
Caveats
  • Supply blocks, unpowered buildings, or Contaminate may cause inaccurate times.
  • Supply counts are checked every 10 seconds.